[Event "Belgrade Spring IM-I 2021"]
[Site "Belgrade"]
[Date "2021.04.16"]
[Round "1.8"]
[White "Milanovic, Slavisa"]
[Black "Blagojevic, Tijana"]
[Result "1/2-1/2"]
[ECO "D52"]
[WhiteElo "2301"]
[BlackElo "2193"]
[Annotator "ChessBase"]
[PlyCount "146"]
[EventDate "2021.04.16"]
[EventType "tourn"]
[EventCountry "SRB"]
[SourceTitle "playchess.com"]
[Source "ChessBase"]
[SourceQuality "1"]
[TimeControl "40/5400+30:1800+30"]

1. d4 d5 2. c4 c6 3. Nc3 Nf6 4. Nf3 e6 5. Bg5 Nbd7 6. e3 Qa5 7. cxd5 Nxd5 8. Qd2 Bb4 9. Rc1 h6 10. Bh4 b6 11. e4 Nxc3 12. bxc3 Ba3 13. Rc2 Ba6 14. Bxa6 Qxa6 15. c4 c5 16. O-O Bb4 17. Qd3 Qa3 18. Qe2 cxd4 19. Nxd4 O-O 20. e5 Rfc8 21. Rd1 Qa4 22. Rd3 Bc5 23. Nb3 Nf8 24. g4 Ng6 25. Bg3 Be7 26. f4 Rd8 27. Rf3 Qc6 28. Rf1 Bc5+ 29. Nxc5 Qxc5+ 30. Kg2 Qc6+ 31. Kh3 Rd4 32. f5 exf5 33. gxf5 Nf8 34. e6 Nh7 35. exf7+ Kxf7 36. Qe6+ Qxe6 37. fxe6+ Kg6 38. Re2 Re8 39. e7 Re4 40. Rxe4 Ng5+ 41. Kg4 Nxe4 42. Re1 Nxg3 43. hxg3 Kf6 44. c5 bxc5 45. Rc1 Rxe7 46. Rxc5 Re4+ 47. Kf3 Ra4 48. Rc6+ Ke5 49. Rg6 Kf5 50. Rxg7 Ra3+ 51. Kf2 Rxa2+ 52. Kf3 Ra3+ 53. Kf2 a5 54. Rh7 Kg6 55. Ra7 a4 56. Kg2 Ra1 57. Kh3 a3 58. Ra5 Kf6 59. Kg2 Ke6 60. Rh5 Ra2+ 61. Kf3 Rb2 62. Rxh6+ Kd5 63. Ra6 a2 64. g4 Kc4 65. g5 Kb3 66. g6 Rb1 67. Ke4 a1=Q 68. Rxa1 Rxa1 69. Kf5 Kc4 70. g7 Rg1 71. Kf6 Kd5 72. Kf7 Rxg7+ 73. Kxg7 Ke4 1/2-1/2

[Event "Belgrade Spring IM-I 2021"]
[Site "Belgrade"]
[Date "2021.04.17"]
[Round "2.6"]
[White "Djokic, Nenad"]
[Black "Jovanovic, Sasa T"]
[Result "1/2-1/2"]
[ECO "D24"]
[WhiteElo "2329"]
[BlackElo "2155"]
[Annotator "ChessBase"]
[PlyCount "55"]
[EventDate "2021.04.16"]
[EventType "tourn"]
[EventCountry "SRB"]
[SourceTitle "playchess.com"]
[Source "ChessBase"]
[SourceQuality "1"]
[TimeControl "40/5400+30:1800+30"]

1. d4 Nf6 2. Nf3 e6 3. c4 d5 4. Nc3 dxc4 5. e4 b5 6. e5 Nd5 7. Nxb5 Nb6 8. Nc3 Nc6 9. Be2 Be7 10. O-O O-O 11. Be3 Nb4 12. a3 N4d5 13. Rc1 Nxc3 14. Rxc3 Rb8 15. Qc1 Ba6 16. b4 Bb5 17. Nd2 Nd5 18. Rc2 c3 19. Ne4 Bxe2 20. Rxe2 a5 21. Nxc3 Nxc3 22. Qxc3 axb4 23. axb4 Bxb4 24. Qc6 Ba5 25. g3 Qe8 26. Rc1 Qxc6 27. Rxc6 Rfd8 28. Rec2 1/2-1/2

[Event "Belgrade Spring IM-I 2021"]
[Site "Belgrade"]
[Date "2021.04.19"]
[Round "5.6"]
[White "Milanovic, Slavisa"]
[Black "Djokic, Nenad"]
[Result "1/2-1/2"]
[ECO "A30"]
[WhiteElo "2301"]
[BlackElo "2329"]
[Annotator "ChessBase"]
[PlyCount "25"]
[EventDate "2021.04.16"]
[EventType "tourn"]
[EventCountry "SRB"]
[SourceTitle "playchess.com"]
[Source "ChessBase"]
[SourceQuality "1"]
[TimeControl "40/5400+30:1800+30"]

1. c4 c5 2. Nf3 Nf6 3. Nc3 b6 4. g3 Bb7 5. Bg2 g6 6. O-O Bg7 7. d4 cxd4 8. Qxd4 O-O 9. Qh4 d6 10. Bh6 Nbd7 11. Rfd1 Rc8 12. b3 Rc5 13. Bxg7 1/2-1/2

[Event "Belgrade Spring IM-I 2021"]
[Site "Belgrade"]
[Date "2021.04.19"]
[Round "5.9"]
[White "Jovanovic, Sasa T"]
[Black "Zegarac, Vuk"]
[Result "1/2-1/2"]
[ECO "A67"]
[WhiteElo "2155"]
[BlackElo "2376"]
[Annotator "ChessBase"]
[PlyCount "56"]
[EventDate "2021.04.16"]
[EventType "tourn"]
[EventCountry "SRB"]
[SourceTitle "playchess.com"]
[Source "ChessBase"]
[SourceQuality "1"]
[TimeControl "40/5400+30:1800+30"]

1. d4 Nf6 2. c4 c5 3. d5 e6 4. Nc3 exd5 5. cxd5 d6 6. e4 g6 7. f4 Bg7 8. Bb5+ Nfd7 9. Nf3 a6 10. Bd3 b5 11. O-O O-O 12. Qe1 Re8 13. Qg3 b4 14. Na4 Ra7 15. Be3 Nf6 16. e5 Ng4 17. Rae1 Nxe3 18. Rxe3 Bd7 19. Bc2 Qa5 20. b3 c4 21. Qf2 Bxa4 22. bxa4 Rae7 23. Re4 Qxd5 24. Rd1 Qc5 25. Qxc5 dxc5 26. Rxc4 Rc7 27. Bb3 Bf8 28. Re4 Kg7 1/2-1/2

[Event "Belgrade Spring IM-I 2021"]
[Site "Belgrade"]
[Date "2021.04.20"]
[Round "7.10"]
[White "Blagojevic, Tijana"]
[Black "Zegarac, Vuk"]
[Result "1/2-1/2"]
[ECO "B12"]
[WhiteElo "2193"]
[BlackElo "2376"]
[Annotator "NA"]
[PlyCount "58"]
[EventDate "2021.04.16"]
[EventType "tourn"]
[EventCountry "SRB"]
[SourceTitle "playchess.com"]
[Source "ChessBase"]
[SourceQuality "1"]
[TimeControl "40/5400+30:1800+30"]

1. e4 c6 2. d4 d5 3. e5 c5 4. dxc5 e6 5. Nf3 Bxc5 6. Bd3 Ne7 7. O-O Ng6 8. a3 Be7 9. b4 a5 10. b5 Nd7 11. Re1 Nc5 12. c4 a4 13. Nc3 Nb3 14. Ra2 Nxc1 15. Qxc1 dxc4 16. Bxc4 O-O 17. Ne4 b6 18. Rc2 Bb7 19. g3 Qb8 20. Qb2 Bxe4 21. Rxe4 Qb7 22. Bd3 Rfd8 23. Re3 Rac8 24. Be4 Qb8 25. h4 Rd1+ 26. Kg2 Bc5 27. Ree2 Rcd8 28. h5 Ne7 29. Rcd2 R1xd2 1/2-1/2

[Event "Belgrade Spring IM-I 2021"]
[Site "Belgrade"]
[Date "2021.04.21"]
[Round "8.6"]
[White "Djokic, Nenad"]
[Black "Zegarac, Vuk"]
[Result "0-1"]
[ECO "E10"]
[WhiteElo "2329"]
[BlackElo "2376"]
[Annotator "ChessBase"]
[PlyCount "78"]
[EventDate "2021.04.16"]
[EventType "tourn"]
[EventCountry "SRB"]
[SourceTitle "playchess.com"]
[Source "ChessBase"]
[SourceQuality "1"]
[TimeControl "40/5400+30:1800+30"]

1. d4 Nf6 2. Nf3 e6 3. c4 c5 4. d5 b5 5. Bg5 exd5 6. cxd5 h6 7. Bxf6 Qxf6 8. Qc2 Be7 9. e4 Qb6 10. Nc3 a6 11. a4 b4 12. a5 Qb7 13. Na4 d6 14. Nb6 Ra7 15. Bd3 O-O 16. O-O Nd7 17. Nc4 Qb8 18. Rfe1 Bf6 19. Re2 Re8 20. Rae1 Bb7 21. Qd1 Ba8 22. Bc2 Nf8 23. Ba4 Rd8 24. Qd3 Ng6 25. g3 Re7 26. Nb6 Bb7 27. Bb3 Bc8 28. Nxc8 Qxc8 29. Bc4 Ra7 30. Kh1 Re8 31. Qb3 h5 32. h4 Rae7 33. Re3 Bd4 34. R3e2 Qh3+ 35. Nh2 Ne5 36. Kg1 Nxc4 37. Qxc4 Qxg3+ 38. Kh1 Qxh4 39. Qxa6 Be5 0-1

[Event "Belgrade Spring IM-I 2021"]
[Site "Belgrade"]
[Date "2021.04.21"]
[Round "8.7"]
[White "Hart, Alexander"]
[Black "Blagojevic, Tijana"]
[Result "0-1"]
[ECO "D10"]
[WhiteElo "2016"]
[BlackElo "2193"]
[Annotator "ChessBase"]
[PlyCount "92"]
[EventDate "2021.04.16"]
[EventType "tourn"]
[EventCountry "SRB"]
[SourceTitle "playchess.com"]
[Source "ChessBase"]
[SourceQuality "1"]
[TimeControl "40/5400+30:1800+30"]

1. d4 d5 2. c4 c6 3. cxd5 cxd5 4. Nc3 Nf6 5. Bf4 Nc6 6. e3 Bg4 7. f3 Bd7 8. g4 e6 9. Bd3 Be7 10. Nge2 Nb4 11. Bb1 Rc8 12. a3 Nc6 13. h4 Na5 14. Bd3 Nc4 15. Qc2 Qb6 16. Ra2 Bd6 17. Bxd6 Qxd6 18. Bxc4 Rxc4 19. g5 Nh5 20. f4 O-O 21. b4 Rfc8 22. Qd2 Qc6 23. Rc2 Qa6 24. Kf2 g6 25. Ra2 Qc6 26. Rc2 Rc7 27. Rhc1 Rc8 28. Rb2 Ng7 29. Rbc2 Nf5 30. Rb1 Nd6 31. Rcc1 Kf8 32. Kg1 Ke7 33. a4 Nf5 34. Kf2 Nxh4 35. Nb5 Qb6 36. Rxc4 Rxc4 37. Na3 Rc8 38. a5 Qc6 39. Rc1 Qa4 40. Rxc8 Bxc8 41. Qc1 Kd8 42. Qc3 Nf5 43. b5 Nd6 44. Qc1 Qxa5 45. Qb2 Bd7 46. Nc3 Qxc3 0-1

[Event "Belgrade Spring IM-I 2021"]
[Site "Belgrade"]
[Date "2021.04.21"]
[Round "8.8"]
[White "Govedarica, Radovan"]
[Black "Ivanovic, Marko"]
[Result "1-0"]
[ECO "C60"]
[WhiteElo "2300"]
[BlackElo "2282"]
[Annotator "ChessBase"]
[PlyCount "77"]
[EventDate "2021.04.16"]
[EventType "tourn"]
[EventCountry "SRB"]
[SourceTitle "playchess.com"]
[Source "ChessBase"]
[SourceQuality "1"]
[TimeControl "40/5400+30:1800+30"]

1. e4 e5 2. Nf3 Nc6 3. Bb5 g6 4. O-O Bg7 5. c3 d6 6. h3 Nge7 7. d4 Bd7 8. dxe5 dxe5 9. Bc4 O-O 10. Be3 h6 11. Qd2 Kh7 12. Rd1 Qc8 13. Na3 Be8 14. Qe2 a6 15. Nc2 b6 16. Bc1 f5 17. b3 f4 18. Ba3 Rf6 19. Bxe7 Nxe7 20. a4 Rf8 21. Nb4 a5 22. Nd3 c6 23. Nde1 Qc7 24. Qd2 Rf6 25. Qb2 g5 26. Be2 Rf7 27. Rd2 Bf6 28. Rad1 Nc8 29. Nh2 Rd7 30. Ng4 Bg7 31. Rxd7 Bxd7 32. Nf3 Be6 33. Bc4 Bxc4 34. bxc4 Nd6 35. h4 gxh4 36. Nxh4 h5 37. Nh2 Bf6 38. Qe2 Kh6 39. Rxd6 1-0

[Event "Belgrade Spring IM-I 2021"]
[Site "Belgrade"]
[Date "2021.04.21"]
[Round "8.9"]
[White "Milanovic, Slavisa"]
[Black "Jovanovic, Sasa T"]
[Result "1/2-1/2"]
[ECO "A38"]
[WhiteElo "2301"]
[BlackElo "2155"]
[Annotator "NA"]
[PlyCount "22"]
[EventDate "2021.04.16"]
[EventType "tourn"]
[EventCountry "SRB"]
[SourceTitle "playchess.com"]
[Source "ChessBase"]
[SourceQuality "1"]
[TimeControl "40/5400+30:1800+30"]

1. c4 c5 2. Nc3 Nf6 3. g3 g6 4. Bg2 Bg7 5. Nf3 O-O 6. O-O Nc6 7. e3 e6 8. d4 cxd4 9. Nxd4 Nxd4 10. exd4 d5 11. cxd5 exd5 1/2-1/2

[Event "Belgrade Spring IM-I 2021"]
[Site "Belgrade"]
[Date "2021.04.21"]
[Round "8.10"]
[White "Krasteva, Beloslava"]
[Black "Savitha Shri B"]
[Result "1/2-1/2"]
[ECO "D95"]
[WhiteElo "2287"]
[BlackElo "2261"]
[Annotator "ChessBase"]
[PlyCount "63"]
[EventDate "2021.04.16"]
[EventType "tourn"]
[EventCountry "SRB"]
[SourceTitle "playchess.com"]
[Source "ChessBase"]
[SourceQuality "1"]
[TimeControl "40/5400+30:1800+30"]

1. d4 Nf6 2. c4 g6 3. Nc3 d5 4. e3 Bg7 5. Qb3 c6 6. Nf3 O-O 7. cxd5 cxd5 8. Bd3 Nc6 9. O-O Rb8 10. h3 h6 11. Bd2 Be6 12. Rfc1 Ne4 13. Na4 f5 14. Nc5 Bf7 15. Qd1 e5 16. dxe5 Nxe5 17. Nxe5 Bxe5 18. Rab1 Nxd2 19. Qxd2 Qe7 20. Nb3 Rbc8 21. Nd4 a6 22. Rc2 Rxc2 23. Qxc2 Qb4 24. a3 Qb6 25. Rd1 Rd8 26. h4 h5 27. g3 Rd7 28. Qc8+ Rd8 29. Qc2 Rd7 30. Qc8+ Rd8 31. Qc2 Rd7 32. Qc8+ 1/2-1/2

[Event "Belgrade Spring IM-I 2021"]
[Site "Belgrade"]
[Date "2021.04.22"]
[Round "9.6"]
[White "Savitha Shri B"]
[Black "Djokic, Nenad"]
[Result "1/2-1/2"]
[ECO "C95"]
[WhiteElo "2261"]
[BlackElo "2329"]
[Annotator "ChessBase"]
[PlyCount "153"]
[EventDate "2021.04.16"]
[EventType "tourn"]
[EventCountry "SRB"]
[SourceTitle "playchess.com"]
[Source "ChessBase"]
[SourceQuality "1"]
[TimeControl "40/5400+30:1800+30"]

1. e4 e5 2. Nf3 Nc6 3. Bb5 a6 4. Ba4 Nf6 5. O-O Be7 6. Re1 b5 7. Bb3 d6 8. c3 O-O 9. h3 Nb8 10. d4 Nbd7 11. Nbd2 Bb7 12. Bc2 c5 13. Nf1 cxd4 14. cxd4 exd4 15. Nxd4 Re8 16. Nf3 Rf8 17. Nd4 Re8 18. Nf5 Rc8 19. Bg5 Bf8 20. N1g3 h6 21. Bf4 Ne5 22. Bb3 Nc4 23. Bxc4 Rxc4 24. b3 Rc8 25. Bxd6 Nxe4 26. Bxf8 Kxf8 27. Nxe4 Rxe4 28. Rxe4 Qxd1+ 29. Rxd1 Bxe4 30. Ne3 g6 31. f3 Bc6 32. Kf2 Ke7 33. Ng4 h5 34. Ne5 Be8 35. Rd2 h4 36. f4 a5 37. Re2 Kd6 38. Kf3 f6 39. Ng4 Bc6+ 40. Kf2 Rf8 41. g3 hxg3+ 42. Kxg3 a4 43. Rd2+ Kc5 44. Rc2+ Kb6 45. bxa4 bxa4 46. Ne3 Rd8 47. Nc4+ Ka6 48. Ne5 Be8 49. Ng4 Rd6 50. Ne3 Rd3 51. Kf3 Kb5 52. Ke4 Rd6 53. Rb2+ Kc5 54. Rc2+ Kb4 55. Rb2+ Kc3 56. Rc2+ Kb4 57. Rb2+ Kc5 58. Rc2+ Kb5 59. Rb2+ Ka6 60. Nc4 Bc6+ 61. Ke3 Re6+ 62. Kd4 Bb5 63. Ne3 Rd6+ 64. Kc5 Rc6+ 65. Kd4 Re6 66. Nd5 Rd6 67. Rc2 Bd7 68. h4 Bf5 69. Rc4 Ka5 70. Rc5+ Ka6 71. Rc4 Bd7 72. Rc5 a3 73. Kc3 Be6 74. Kd4 Bf5 75. Rc3 Be6 76. Rc5 Bf5 77. Rc3 1/2-1/2

[Event "Belgrade Spring IM-I 2021"]
[Site "Belgrade"]
[Date "2021.04.22"]
[Round "9.7"]
[White "Jovanovic, Sasa T"]
[Black "Krasteva, Beloslava"]
[Result "1/2-1/2"]
[ECO "B50"]
[WhiteElo "2155"]
[BlackElo "2287"]
[Annotator "ChessBase"]
[PlyCount "58"]
[EventDate "2021.04.16"]
[EventType "tourn"]
[EventCountry "SRB"]
[SourceTitle "playchess.com"]
[Source "ChessBase"]
[SourceQuality "1"]
[TimeControl "40/5400+30:1800+30"]

1. e4 c5 2. Nf3 d6 3. Bc4 Nf6 4. d3 Nc6 5. h3 e6 6. Bb3 Be7 7. O-O O-O 8. c3 b6 9. Re1 Bb7 10. d4 Rc8 11. d5 exd5 12. exd5 Na5 13. c4 b5 14. cxb5 Nxb3 15. axb3 Nxd5 16. Nc3 Nxc3 17. bxc3 Bf6 18. Qd3 Re8 19. Rxe8+ Qxe8 20. Bg5 Bxf3 21. Bxf6 Be4 22. Qg3 Bg6 23. Bg5 Qxb5 24. Rxa7 h6 25. Be7 Qxb3 26. Bxd6 Qb6 27. Rc7 Rxc7 28. Bxc7 Qb1+ 29. Kh2 Qd3 1/2-1/2

[Event "Belgrade Spring IM-I 2021"]
[Site "Belgrade"]
[Date "2021.04.22"]
[Round "9.8"]
[White "Ivanovic, Marko"]
[Black "Milanovic, Slavisa"]
[Result "1/2-1/2"]
[ECO "C18"]
[WhiteElo "2282"]
[BlackElo "2301"]
[Annotator "ChessBase"]
[PlyCount "28"]
[EventDate "2021.04.16"]
[EventType "tourn"]
[EventCountry "SRB"]
[SourceTitle "playchess.com"]
[Source "ChessBase"]
[SourceQuality "1"]
[TimeControl "40/5400+30:1800+30"]

1. e4 e6 2. d4 d5 3. Nc3 Bb4 4. e5 c5 5. a3 Bxc3+ 6. bxc3 Ne7 7. Qg4 Qc7 8. Bd3 c4 9. Be2 O-O 10. h4 f6 11. f4 Qa5 12. Bd2 Qa4 13. Bd1 Qb5 14. Bc1 Qa5 1/2-1/2

[Event "Belgrade Spring IM-I 2021"]
[Site "Belgrade"]
[Date "2021.04.22"]
[Round "9.9"]
[White "Blagojevic, Tijana"]
[Black "Govedarica, Radovan"]
[Result "1-0"]
[ECO "B30"]
[WhiteElo "2193"]
[BlackElo "2300"]
[Annotator "ChessBase"]
[PlyCount "58"]
[EventDate "2021.04.16"]
[EventType "tourn"]
[EventCountry "SRB"]
[SourceTitle "playchess.com"]
[Source "ChessBase"]
[SourceQuality "1"]
[TimeControl "40/5400+30:1800+30"]

1. e4 c5 2. Nf3 Nc6 3. Bb5 Qc7 4. Nc3 e6 5. Bxc6 Qxc6 6. d4 cxd4 7. Nxd4 Qc7 8. O-O a6 9. Re1 d6 10. Bf4 Nf6 11. Nf5 e5 12. Bg5 Bxf5 13. exf5 Be7 14. Bxf6 Bxf6 15. Nd5 Qd8 16. Qd3 O-O 17. c3 Rc8 18. Rad1 Re8 19. Qe4 b5 20. b3 Bg5 21. Rd3 Rc5 22. Red1 g6 23. Rf3 Qa8 24. h4 Bxh4 25. f6 Bg5 26. Qg4 h6 27. Ne7+ Rxe7 28. fxe7 Bxe7 29. Qd7 Qf8 1-0